 Dungeon Crawl Stone Soup version 0.24-a0-317-g5cb8de4 (webtiles) character file.

Game seed: 13812719502398340613

18 Borgoz the Ducker (level 2, 0/24 HPs)
             Began as a Demigod Gladiator on May 16, 2019.
             Slain by a phantom (5 damage)
             ... on level 2 of the Dungeon.
             The game lasted 00:00:45 (602 turns).

Borgoz the Ducker (Demigod Gladiator)                Turns: 602, Time: 00:00:45

Health: 0/24       AC:  4    Str: 17    XL:     2   Next: 36%
Magic:  4/4        EV: 13    Int: 12    God:
Gold:   5          SH:  0    Dex: 17    Spells: 1/1 levels left

rFire    . . .     SeeInvis .   a - +0 long sword
rCold    . . .     Gourm    .   (no shield)
rNeg     . . .     Faith    .   b - +0 leather armour
rPois    .         Spirit   .   c - +0 helmet
rElec    .         Reflect  .   (no cloak)
rCorr    .         Harm     .   (no gloves)
MR       .....                  (no boots)
Stlth    +.........             (no amulet)
HPRegen  0.08/turn              (no ring)
MPRegen  0.09/turn              (no ring)

@: no status effects
A: high mp 1
a: no special abilities


You were on level 2 of the Dungeon.
You were not hungry.

You visited 1 branch of the dungeon, and saw 2 of its levels.

You collected 5 gold pieces.

Inventory:

Hand Weapons
 a - a +0 long sword (weapon)
Missiles
 d - 3 throwing nets (quivered)
Armour
 b - a +0 leather armour (worn)
 c - a +0 helmet (worn)
Scrolls
 h - a scroll of identify {unknown}
Potions
 e - a potion of might {unknown}
 i - 2 potions of heal wounds {unknown}
 j - a potion of resistance {unknown}
Comestibles
 f - a ration
 g - 2 chunks of flesh


   Skills:
 + Level 2.1 Fighting
 + Level 2.9 Long Blades
 + Level 2.1 Throwing
 + Level 2.9 Dodging


You had one spell level left.
You didn't know any spells.
Your spell library was empty.

Dungeon Overview and Level Annotations

Branches:
Dungeon (2/15)


Innate Abilities, Weirdness & Mutations

You have an increased reservoir of magic. (+10% MP)


Message History

The worm bites you! The phantom hits you. The adder closely misses you.
You riposte.
You closely miss the adder.
You are too injured to fight recklessly!
You are too injured to fight recklessly!
You are too injured to fight recklessly!
You are too injured to fight recklessly!
You slash the worm!
You kill the worm!
The adder bites you.
* * * LOW HITPOINT WARNING * * *
The phantom hits you.
* * * LOW HITPOINT WARNING * * *
You hit the adder.
The adder is lightly wounded.
The adder bites you.
* * * LOW HITPOINT WARNING * * *
The phantom misses you.
You riposte.
You hit the phantom.
The phantom is lightly damaged.
The adder misses you. The phantom hits you.
You die...

......#########
###..........#
#.....######.#
.....#..## ####<####
#.####..# #.......#
#.......# #.##.##.#
#.......####.##.##.#
####.......#.##....#
#[..@...#.####..#
#..W.S..#.......#
#.....?.######.##
#.......# #.#
#.......# #.#
........# #.#
##.##.##.. #.# ..
..# .## #.# ..#


You could see a phantom and an adder.

Vanquished Creatures
  A worm (D:2)
  A ball python (D:1)
  A goblin (D:1)
  3 hobgoblins
  4 jackals (D:1)
  A kobold (D:1)
  A quokka (D:2)
12 creatures vanquished.

Notes
Turn   | Place    | Note
-------+----------+-------------------------------------------
     0 | D:1      | Borgoz the Demigod Gladiator began the quest for the Orb.
     0 | D:1      | Reached XP level 1. HP: 17/17 MP: 3/3
   290 | D:1      | Reached XP level 2. HP: 24/24 MP: 4/4
   593 | D:2      | Noticed a phantom
   602 | D:2      | Slain by a phantom

Levels and vault maps discovered:
D:1:      dpeg_arrival_windows_large_door, layout_rooms, minivault_26
D:2:      minmay_roachtagon, layout_loops_cross, uniq_sigmund, uniq_terence,
          uniq_robin

Skill      XL: |  1 |
---------------+----+-----
Fighting       | 2 |  2.1
Throwing       | 2 |  2.1
Long Blades    | |  2.9
Dodging        | |  2.9

Action                   || total
-------------------------++-------
Melee: Long sword        ||    34
  Use: Scroll            ||     3
 Stab: Sleeping          ||     1
Armor: Leather armour    ||    17
Dodge: Dodged            ||    33
       Rpst.: Long sword ||    13

Table legend:
 A = Non-vault XP
 B = Vault XP
 C = Vault XP percentage of total XP
 D = Non-vault monster count
 E = Vault monster count
 F = Vault count percentage of total count
                 A         B        C        D         E       F
            +---------+---------+-------+---------+---------+-------
      Total |      27 |       0 |   0.0 |      12 |       0 |   0.0
            +---------+---------+-------+---------+---------+-------
        D:1 |      18 |       0 |   0.0 |       9 |       0 |   0.0
        D:2 |       9 |       0 |   0.0 |       3 |       0 |   0.0
            +---------+---------+-------+---------+---------+-------
